 Dungeon Crawl Stone Soup version 0.22.0-13-g43fe8f2 (console) character file.

321478 removed the Corrupter of Planes (level 21, -12/168 HPs)
             Began as a Gnoll Abyssal Knight on Aug 16, 2018.
             Was the Champion of Lugonu.
             Killed from afar by a deep elf annihilator (33 damage)
             ... with a poison arrow
             ... on level 3 of the Elven Halls.
             The game lasted 02:14:34 (52852 turns).

removed the Corrupter of Planes (GnAK)             Turns: 52852, Time: 02:14:34

Health: -12/168    AC: 27    Str: 18    XL:     21   Next: 89%
Magic:  39/39      EV: 23    Int: 21    God:    Lugonu [******]
Gold:   2709       SH:  0    Dex: 18    Spells: 16/48 levels left

rFire    . . .     SeeInvis .   a - +6 lajatang (vamp)
rCold    . . .     Gourm    .   (shield currently unavailable)
rNeg     . . .     Faith    .   P - +6 acid dragon scales
rPois    .         Spirit   .   g - +1 helmet
rElec    .         Reflect  .   C - +2 cloak
rCorr    +         Harm     .   l - +2 pair of gloves {Str+3}
MR       ++...                  w - +0 pair of boots {Fly}
Stlth    +++.......             B - amulet of the acrobat
HPRegen  0.38/turn              m - ring of protection from magic
MPRegen  0.26/turn              s - ring "Ataoz" {Slay+6 Stlth-}

@: lethally poisoned (-12 -> -23), silence, flying, hasted, very quick
A: distributed training, fangs 1, strong nose
}: 1/15 runes: gossamer
a: Renounce Religion, Stop Flying


You were on level 3 of the Elven Halls.
You worshipped Lugonu.
Lugonu was exalted by your worship.
You were not hungry.

You visited 7 branches of the dungeon, and saw 35 of its levels.
You visited the Abyss 1 time.
You also visited: Ice Cave.

You collected 4242 gold pieces.
You spent 1533 gold pieces at shops.

Inventory:

Hand Weapons
 a - a +6 vampiric lajatang (weapon)
 D - a +3 blowgun
Missiles
 v - 6 curare-tipped needles
 V - a throwing net (quivered)
Armour
 g - a +1 helmet (worn)
 l - a +2 pair of gloves of strength (worn)
 w - a +0 pair of boots of flying (worn)
 C - a +2 cloak (worn)
 P - +6 acid dragon scales (worn)
 S - a scarf of repulsion
Jewellery
 c - an uncursed ring of ice
 e - a +4 ring of protection
 f - an uncursed ring of protection from fire
 i - an uncursed ring of see invisible
 m - a ring of protection from magic (left hand)
 s - the ring "Ataoz" (right hand) {Slay+6 Stlth-}
   (You found it on level 6 of the Lair of Beasts)

   [ring of attention]

   It affects your accuracy and damage with ranged weapons and melee attacks
   (+6).
   It makes you less stealthy.
 y - an uncursed amulet of the gourmand
 B - an amulet of the acrobat (around neck)
 E - an uncursed ring of ice
 H - an uncursed ring of protection from fire
Wands
 b - a wand of clouds (4)
 d - a wand of digging (42)
 o - a wand of paralysis (12)
 T - a wand of polymorph (45)
 X - a wand of iceblast (17)
Scrolls
 h - a scroll of enchant armour
 j - 3 scrolls of fear
 k - 17 scrolls of remove curse
 n - 9 scrolls of teleportation
 p - 2 scrolls of holy word
 G - 4 scrolls of fog
 I - 5 scrolls of magic mapping
 J - a scroll of blinking
 N - 10 scrolls of amnesia
 W - 11 scrolls of identify
Potions
 q - 7 potions of ambrosia
 r - 2 potions of invisibility
 u - 3 potions of brilliance
 z - 4 potions of heal wounds
 A - 5 potions of lignification
 F - 2 potions of haste
 K - a potion of cancellation
 L - 10 potions of curing
 O - 3 potions of mutation
 Q - 7 potions of agility
 U - a potion of magic
 Y - 4 potions of might
Miscellaneous
 x - 2 phantom mirrors
 Z - a lamp of fire
Comestibles
 t - 47 rations
 R - 3 chunks of flesh


   Skills:
 + Level 15.2 Fighting
 + Level 14.0 Short Blades
 + Level 14.0 Long Blades
 + Level 14.0 Axes
 + Level 14.0 Maces & Flails
 + Level 14.6 Polearms
 + Level 14.0 Staves
 + Level 14.0 Slings
 + Level 14.0 Bows
 + Level 14.0 Crossbows
 + Level 14.0 Throwing
 + Level 14.6 Armour
 + Level 14.2 Dodging
 + Level 14.0 Stealth
 + Level 14.0 Shields
 + Level 14.0 Unarmed Combat
 + Level 14.0 Spellcasting
 + Level 12.1 Conjurations
 + Level 12.1 Hexes
 + Level 12.1 Charms
 + Level 12.1 Summonings
 + Level 12.1 Necromancy
 + Level 12.1 Translocations
 + Level 12.1 Transmutations
 + Level 12.1 Fire Magic
 + Level 12.1 Ice Magic
 + Level 12.1 Air Magic
 + Level 12.1 Earth Magic
 + Level 12.1 Poison Magic
 + Level 15.6 Invocations
 + Level 14.0 Evocations


You had 16 spell levels left.
You knew the following spells:

 Your Spells              Type           Power        Failure   Level  Hunger
a - Vampiric Draining     Necr           ######....   1%          3    None
b - Freeze                Ice            ####         1%          1    None
c - Confuse               Hex            ######..     1%          3    None
e - Regeneration          Chrm/Necr      ######....   1%          3    None
l - Blink                 Tloc           N/A          1%          2    None
n - Metabolic Englaciati  Hex/Ice        ######....   1%          5    ###....
s - Swiftness             Chrm/Air       ######..     1%          2    None
v - Borgnjor's Vile Clut  Necr/Erth      ######....   1%          5    ###....
w - Spectral Weapon       Hex/Chrm       ######..     1%          3    None
S - Silence               Hex/Air        ######....   1%          5    ###....

Your spell library contained the following spells:

 Spells                   Type           Power        Failure   Level  Hunger
 Magic Dart               Conj           ####         1%          1    None
 Fireball                 Conj/Fire      ######....   1%          5    ###....
 Conjure Flame            Conj/Fire      ######..     1%          3    None
 Lightning Bolt           Conj/Air       ######....   1%          5    ###....
 Slow                     Hex            ######..     1%          2    None
 Throw Flame              Conj/Fire      ######       1%          2    None
 Throw Frost              Conj/Ice       ######       1%          2    None
 Mephitic Cloud           Conj/Pois/Air  ######..     1%          3    None
 Animate Dead             Necr           N/A          1%          4    None
 Pain                     Necr           ####         1%          1    None
 Animate Skeleton         Necr           N/A          1%          1    None
 Sticky Flame             Conj/Fire      ######..     1%          4    None
 Summon Ice Beast         Ice/Summ       ######..     1%          4    None
 Ozocubu's Armour         Chrm/Ice       ######..     1%          3    None
 Call Imp                 Summ           ######..     1%          2    None
 Shock                    Conj/Air       ####         1%          1    None
 Spider Form              Tmut/Pois      ######....   1%          3    None
 Blade Hands              Tmut           ######....   1%          5    ###....
 Ice Form                 Ice/Tmut       ######..     1%          4    None
 Throw Icicle             Conj/Ice       ######..     1%          4    None
 Airstrike                Air            ######....   1%          4    None
 Shadow Creatures         Summ           N/A          5%          6    #####..
 Confusing Touch          Hex            ######       1%          1    None
 Flame Tongue             Conj/Fire      #####        1%          1    None
 Sticks to Snakes         Tmut           ######..     1%          2    None
 Ensorcelled Hibernation  Hex/Ice        ######       1%          2    None
 Static Discharge         Conj/Air       ######..     1%          3    None
 Petrify                  Tmut/Erth      ######..     1%          4    None
 Darkness                 Hex            ######....   5%          6    #####..
 Shroud of Golubria       Chrm/Tloc      ######....   1%          2    None
 Inner Flame              Hex/Fire       ######..     1%          3    None
 Beastly Appendage        Tmut           ######       1%          1    None
 Infusion                 Chrm           ####         1%          1    None
 Song of Slaying          Chrm           ######..     1%          2    None
 Gell's Gravitas          Tloc           ######....   1%          3    None
 Yara's Violent Unravell  Hex/Tmut       ######....   1%          5    ###....


Dungeon Overview and Level Annotations

Branches:
Dungeon (15/15)            Temple (0/1) D:6            Lair (6/6) D:9
  Swamp (1/4) Lair:4       Spider (4/4) Lair:4        Slime (0/5) Lair:6
    Orc (2/2) D:10            Elf (3/3) Orc:2        Vaults (4/5) D:14
  Crypt (0/3) Vaults:3     Depths (0/5) D:15

Altars:
Hepliaklqana
Kikubaaqudgha
Makhleb
Nemelex Xobeh
Qazlal
Ru
Sif Muna
Trog
Vehumet
Zin
The Shining One
Beogh
Jiyva

Shops:
D:5 (   D:8 }   D:11 [   D:13 %   Orc:2 }}?%   Elf:3 (   Vaults:1 =
Vaults:2 ?

Portals:
Trove: Elf:1 (show slimy rune of Zot)

Annotations:
Lair:4 exclusion: oklob plant
Lair:6 exclusion: 2 oklob plants
Elf:2 2 runed doors
Abyss:1 Grum; Rupert; Urug


Innate Abilities, Weirdness & Mutations

Your experience applies equally to all skills.
You have very sharp teeth.
Your uncanny sense of smell can sniff out nearby items.


Message History

The sphere of damnation explodes!
The damnation engulfs you!
* * * LOW HITPOINT WARNING * * *
The deep elf annihilator points at you and mumbles some strange words.
The crystal spear misses you.
Items here: ! $ )) = ? [ You feel much better.
The deep elf sorcerer points at you and mumbles some strange words.
The sphere of damnation explodes!
The damnation engulfs you!
* * * LOW HITPOINT WARNING * * *
Okay, then.
You feel yourself speed up.
The deep elf master archer wields a runed longbow.
The deep elf master archer shoots an arrow.
The arrow hits you!!
* * * LOW HITPOINT WARNING * * *
x2 A deep elf annihilator comes into view.
It is wielding a lajatang of venom.
The deep elf annihilator gestures at you while chanting.
The poison arrow hits you!
You are poisoned.
You die...

#...#.......
#..e#....ee
#...##....# ##
#....#....# ##.
#.#.e#....# #..
#.#..##...## ##..
#.##..#....#### #...
#..#..#........ #...
##.##.@)e...... ##...
#..##)........ #....
#...))..###... #.).#
##..))#...#### #..##
#...)##..)..#####)).#
##(.)(###(........)..
###.))((.#.......)).
####((...........#
###############


You could see a deep elf master archer, 2 deep elf annihilators, a deep elf
sorcerer and a deep elf high priest.

Vanquished Creatures
  Mara (Vaults:3)
  Frederick (Vaults:2)
  Saint Roka (Vaults:3)
  Margery (Vaults:4)
  Nikola (Vaults:2)
  2 deep elf blademasters
  A titan (Vaults:2)
  Asterion (Vaults:2)
  2 liches (Vaults:3)
  A deep elf master archer (Elf:3)
  A sphinx (Vaults:3)
  A storm dragon (Vaults:1)
  A tengu reaver (Vaults:1)
  A nagaraja (Vaults:1)
  3 fire giants
  A ghost moth (Spider:4)
  6 deep elf sorcerers
  6 vault wardens
  Louise (Elf:3)
  3 orc warlords
  2 deep elf elementalists (Elf:3)
  8 ironheart preservers
  3 emperor scorpions (Spider:4)
  A very ugly thing (Vaults:2)
  4 stone giants
  The ghost of biddum the Slinger, a journeyman HaHu of Dithmenos (Lair:6)
  Azrael (D:13)
  3 deep elf demonologists
  2 entropy weavers (Spider:4)
  2 spark wasps (Spider:4)
  A red draconian (Vaults:1)
  A dire elephant (Lair:6)
  5 deep elf annihilators (Elf:3)
  3 ettins
  2 deep elf death magi
  5 yaktaur captains
  3 fire dragons
  4 great orbs of eyes
  7 deep elf high priests
  Fannar (Lair:1)
  16 vault guards
  An ice dragon (Vaults:1)
  2 hydras
  A rakshasa (Vaults:3)
  The ghost of SeriousVitamin the Prestidigitator, a journeyman SpAs of Dithmenos (Lair:6)
  2 catoblepae (Lair:6)
  A ghost crab (Swamp:1)
  5 centaur warriors
  28 two-headed ogres
  24 dancing weapons
  5 deep troll earth magi
  2 alligators (Swamp:1)
  A death knight (Vaults:3)
  6 ogre magi
  2 deep troll shamans
  13 death yaks
  A vampire mage (Vaults:1)
  4 orc high priests (Orc:2)
  The ghost of Nib the Destroyer, a novice DsFE of Gozag (D:10)
  25 deep elf knights
  2 unseen horrors
  2 glowing orange brains (Vaults:4)
  4 hell knights
  A fire crab (shapeshifter) (Vaults:2)
  7 deep trolls
  A deep troll (shapeshifter) (Vaults:1)
  A swamp dragon (shapeshifter) (Elf:3)
  4 wizards
  17 deep elf archers
  15 ironbrand convokers
  2 flayed ghosts
  A phantasmal warrior (Vaults:1)
  5 harpies (Vaults:4)
  4 lindwurms (D:9)
  A tengu zombie (Vaults:4)
  2 sphinx zombies
  12 orc knights
  19 orb spiders
  54 deep elf magi
  7 orc sorcerers
  7 necromancers
  30 wolf spiders
  A cyclops (D:12)
  2 human zombies
  14 ugly things
  6 elephants
  3 moths of wrath
  A fire giant skeleton (Vaults:2)
  A centaur zombie (D:11)
  2 ice statues (IceCv)
  4 manticores
  A guardian serpent (shapeshifter) (D:15)
  4 stone giant skeletons
  15 vault sentinels
  3 black mambas
  3 torpor snails
  A molten gargoyle (D:14)
  A guardian serpent (Vaults:1)
  9 komodo dragons
  A spiny frog (shapeshifter) (Vaults:1)
  17 demonic crawlers
  5 rime drakes
  2 komodo dragons (shapeshifter)
  2 kobold demonologists (D:15)
  9 spiny frogs
  24 yaktaurs
  A rime drake (shapeshifter) (D:13)
  5 freezing wraiths
  A wind drake (shapeshifter) (Vaults:1)
  A small abomination (Vaults:4)
  8 trolls
  3 meliai (D:13)
  A troll (shapeshifter) (Vaults:2)
  26 jumping spiders
  12 hornets
  3 tyrant leeches (Swamp:1)
  30 slime creatures
  12 blink frogs
  21 hippogriffs
  4 bog bodies
  9 dream sheep
  A hippogriff (shapeshifter) (Vaults:3)
  62 redbacks
  4 air elementals
  A centaur simulacrum (D:15)
  A redback (shapeshifter) (Vaults:2)
  22 yaks
  2 shadows
  25 tarantellas
  An ettin skeleton (Vaults:4)
  4 water elementals
  2 wraiths
  10 spriggans
  6 wyverns
  19 humans (D:14)
  5 basilisks (D:14)
  11 fire elementals
  A hog (Lair:5)
  A steam dragon (D:8)
  3 hungry ghosts
  3 vampire mosquitoes (D:15)
  A swamp worm (shapeshifter) (Vaults:3)
  6 swamp worms
  An acid dragon (D:15)
  4 hell hounds
  6 wargs
  14 water moccasins
  A deep troll skeleton (Vaults:4)
  An ogre skeleton (Vaults:1)
  52 orc warriors
  12 porcupines
  15 ice beasts
  2 hornet zombies
  7 sky beasts
  3 black bears
  A swamp drake (Swamp:1)
  5 phantoms
  24 ogres
  An orc skeleton (Vaults:1)
  24 wolves
  8 crocodiles
  18 centaurs
  17 bullfrogs
  4 big kobolds
  4 earth elementals
  2 water moccasin zombies
  6 scorpions
  18 wights
  5 electric eels
  2 howler monkeys
  10 crimson imps
  2 human simulacra (Vaults:3)
  6 jellies
  3 bullfrog zombies
  6 hounds
  4 bullfrog skeletons
  30 orc priests
  3 centaur skeletons
  4 iguanas
  21 orc wizards
  11 worker ants
  A hound zombie (D:9)
  A hound skeleton (D:11)
  A howler monkey zombie (D:9)
  6 gnolls
  11 adders
  4 shadow imps
  An adder zombie (D:5)
  7 worms
  An adder skeleton (D:9)
  2 dart slugs
  6 leopard geckos
  106 orcs
  4 bats
  6 giant cockroaches
  5 hobgoblins
  14 jackals
  3 quokkas
  A ball python (D:4)
  4 frilled lizards
  6 goblins
  2 jackal skeletons
  5 kobolds
  2 leopard gecko skeletons
  8 rats
  A fungus (Lair:6)
1458 creatures vanquished.

Vanquished Creatures (collateral kills)
  Kirke (Lair:5)
  An elephant (Lair:5)
  A tarantella (Spider:4)
  A fungus (Lair:5)
4 creatures vanquished.

Vanquished Creatures (others)
  A deep elf demonologist (Elf:3)
  5 hydras
  A deep elf archer (Vaults:4)
  An orb spider (Spider:2)
  A black mamba (Lair:6)
  A spiny frog (Lair:6)
  A hippogriff (Lair:6)
  3 humans (Lair:5)
  An orc warrior (D:10)
  9 fungi
  12 plants
  14 spectral weapons
  6 withered plants (Lair:6)
56 creatures vanquished.

Grand Total: 1518 creatures vanquished

Notes
Turn   | Place    | Note
-------+----------+-------------------------------------------
     0 | Abyss:1  | removed the Gnoll Abyssal Knight began the quest for the Orb.
     0 | Abyss:1  | Reached XP level 1. HP: 23/23 MP: 3/3
     0 | D:1      | Escaped the Abyss
     9 | D:1      | Reached * piety under Lugonu
   161 | D:1      | Reached XP level 2. HP: 23/29 MP: 5/5
   895 | D:2      | Reached XP level 3. HP: 23/35 MP: 6/6
  2036 | D:3      | Reached skill level 1 in Short Blades
  2036 | D:3      | Reached skill level 1 in Long Blades
  2036 | D:3      | Reached skill level 1 in Axes
  2036 | D:3      | Reached skill level 1 in Maces & Flails
  2036 | D:3      | Reached skill level 1 in Staves
  2036 | D:3      | Reached skill level 1 in Slings
  2036 | D:3      | Reached skill level 1 in Bows
  2036 | D:3      | Reached skill level 1 in Crossbows
  2036 | D:3      | Reached skill level 1 in Throwing
  2036 | D:3      | Reached skill level 1 in Stealth
  2036 | D:3      | Reached skill level 1 in Shields
  2036 | D:3      | Reached skill level 1 in Unarmed Combat
  2036 | D:3      | Reached skill level 1 in Spellcasting
  2036 | D:3      | Reached skill level 1 in Evocations
  2036 | D:3      | Reached XP level 4. HP: 33/41 MP: 7/7
  2263 | D:3      | Reached skill level 1 in Conjurations
  2263 | D:3      | Reached skill level 1 in Hexes
  2263 | D:3      | Reached skill level 1 in Charms
  2263 | D:3      | Reached skill level 1 in Summonings
  2263 | D:3      | Reached skill level 1 in Necromancy
  2263 | D:3      | Reached skill level 1 in Translocations
  2263 | D:3      | Reached skill level 1 in Transmutations
  2263 | D:3      | Reached skill level 1 in Fire Magic
  2263 | D:3      | Reached skill level 1 in Ice Magic
  2263 | D:3      | Reached skill level 1 in Air Magic
  2263 | D:3      | Reached skill level 1 in Earth Magic
  2263 | D:3      | Reached skill level 1 in Poison Magic
  2469 | D:3      | Reached XP level 5. HP: 47/47 MP: 8/8
  2671 | D:4      | Noticed a phantom
  2733 | D:3      | Killed a phantom
  2952 | D:4      | Reached skill level 5 in Invocations
  2952 | D:4      | Reached XP level 6. HP: 44/53 MP: 9/9
  3464 | D:4      | Reached skill level 5 in Polearms
  3464 | D:4      | Reached skill level 5 in Armour
  3589 | D:4      | Found a radiant altar of Vehumet.
  3625 | D:4      | Reached ** piety under Lugonu
  3972 | D:5      | Entered Level 5 of the Dungeon
  3972 | D:5      | Noticed an ice beast
  3977 | D:5      | Killed an ice beast
  3977 | D:5      | Reached XP level 7. HP: 53/59 MP: 10/10
  4290 | D:5      | Noticed a moth of wrath
  4293 | D:5      | Found a bloodstained altar of Trog.
  4369 | D:5      | Found Ykacsa Yxa's Antique Weapon Emporium.
  5174 | D:6      | Found a deep blue altar of Sif Muna.
  5221 | D:6      | Reached XP level 8. HP: 57/67 MP: 12/12
  5326 | D:6      | Found an ancient bone altar of Kikubaaqudgha.
  5900 | D:6      | Found a staircase to the Ecumenical Temple.
  6586 | D:7      | Noticed a hippogriff
  6879 | D:7      | Found a sparkling altar of Nemelex Xobeh.
  6983 | D:5      | Bought a runed lajatang for 486 gold pieces
  7153 | D:7      | Killed a hippogriff
  7153 | D:7      | Reached XP level 9. HP: 72/72 MP: 14/14
  7750 | D:8      | Reached *** piety under Lugonu
  7941 | D:8      | Learned a level 2 spell: Swiftness
  8047 | D:8      | Found a glowing golden altar of the Shining One.
  8082 | D:8      | Reached skill level 5 in Dodging
  8097 | D:8      | Found Cextyste's Gadget Emporium.
  8241 | D:8      | Found a stormy altar of Qazlal.
  8534 | D:8      | Found a burning altar of Makhleb.
  8534 | D:8      | Found a glowing silver altar of Zin.
  8539 | D:8      | Found a glowing golden altar of the Shining One.
  8541 | D:8      | Found a faded altar of an unknown god.
  8542 | D:8      | Found a hazy altar of Hepliaklqana.
  8993 | D:9      | Reached XP level 10. HP: 73/80 MP: 17/17
  9383 | D:9      | Reached **** piety under Lugonu
  9711 | D:9      | Reached skill level 5 in Short Blades
  9711 | D:9      | Reached skill level 5 in Long Blades
  9711 | D:9      | Reached skill level 5 in Axes
  9711 | D:9      | Reached skill level 5 in Maces & Flails
  9711 | D:9      | Reached skill level 5 in Staves
  9711 | D:9      | Reached skill level 5 in Slings
  9711 | D:9      | Reached skill level 5 in Bows
  9711 | D:9      | Reached skill level 5 in Crossbows
  9711 | D:9      | Reached skill level 5 in Throwing
  9711 | D:9      | Reached skill level 5 in Stealth
  9711 | D:9      | Reached skill level 5 in Shields
  9711 | D:9      | Reached skill level 5 in Unarmed Combat
  9711 | D:9      | Reached skill level 5 in Spellcasting
  9711 | D:9      | Reached skill level 5 in Evocations
  9841 | D:9      | Noticed a three-headed hydra
 10163 | D:9      | Killed a three-headed hydra
 10819 | D:9      | Found a staircase to the Lair.
 10832 | D:9      | Learned a level 3 spell: Confuse
 10833 | D:9      | Noticed a lindwurm
 10837 | D:9      | Killed a lindwurm
 10837 | D:9      | Reached XP level 11. HP: 87/87 MP: 19/19
 10945 | D:9      | Noticed a lindwurm
 10949 | D:9      | Noticed a lindwurm
 10949 | D:9      | Killed a lindwurm
 11003 | D:9      | Killed a lindwurm
 11004 | D:9      | Noticed a lindwurm
 11007 | D:9      | Killed a lindwurm
 11007 | D:9      | Reached skill level 5 in Conjurations
 11007 | D:9      | Reached skill level 5 in Hexes
 11007 | D:9      | Reached skill level 5 in Charms
 11007 | D:9      | Reached skill level 5 in Summonings
 11007 | D:9      | Reached skill level 5 in Necromancy
 11007 | D:9      | Reached skill level 5 in Translocations
 11007 | D:9      | Reached skill level 5 in Transmutations
 11007 | D:9      | Reached skill level 5 in Fire Magic
 11007 | D:9      | Reached skill level 5 in Ice Magic
 11007 | D:9      | Reached skill level 5 in Air Magic
 11007 | D:9      | Reached skill level 5 in Earth Magic
 11007 | D:9      | Reached skill level 5 in Poison Magic
 11222 | D:10     | Entered Level 10 of the Dungeon
 11268 | D:10     | Noticed Urug
 11716 | D:10     | Noticed a two-headed ogre
 11767 | D:10     | Killed a two-headed ogre
 12149 | D:10     | Found a staircase to the Orcish Mines.
 12272 | D:10     | Reached ***** piety under Lugonu
 12495 | D:10     | Banished Urug
 12865 | D:10     | Found a transporter.
 12866 | D:10     | Noticed a two-headed ogre
 12868 | D:10     | Found a transporter.
 12868 | D:10     | Noticed a two-headed ogre
 12869 | D:10     | Noticed Nib's ghost (novice DsFE)
 12869 | D:10     | Noticed a two-headed ogre
 12973 | D:11     | Found Tonerheruhy's Antique Armour Boutique.
 13196 | D:11     | Noticed a purple ugly thing
 13275 | D:11     | Killed a purple ugly thing
 13844 | Lair:1   | Entered Level 1 of the Lair of Beasts
 14024 | Lair:1   | Noticed Fannar
 14047 | D:9      | Reached XP level 12. HP: 94/96 MP: 22/22
 14091 | Lair:1   | Killed Fannar
 14256 | Lair:1   | Learned a level 3 spell: Regeneration
 14260 | Lair:1   | Learned a level 3 spell: Spectral Weapon
 14267 | Lair:1   | Noticed Grum
 14305 | Lair:1   | Banished Grum
 14618 | Lair:1   | Learned a level 3 spell: Vampiric Draining
 15607 | Lair:1   | Learned a level 1 spell: Freeze
 16486 | D:11     | Bought a pair of runed gloves for 270 gold pieces
 17467 | Lair:3   | Reached skill level 10 in Fighting
 17574 | Lair:3   | Learned a level 2 spell: Blink
 17939 | Lair:3   | Reached XP level 13. HP: 61/103 MP: 17/24
 18742 | Lair:4   | Identified 3 scrolls of acquirement
 18843 | Lair:4   | Found a frozen archway.
 18921 | IceCv    | Entered an ice cave
 19048 | IceCv    | Found a transporter.
 19099 | IceCv    | Found a transporter.
 19660 | Lair:4   | Found a hole to the Spider Nest.
 19790 | Lair:4   | Reached skill level 10 in Invocations
 20119 | Lair:4   | Found a staircase to the Swamp.
 20425 | Lair:5   | Noticed Kirke
 20435 | Lair:5   | Killed Kirke
 21698 | Lair:6   | Entered Level 6 of the Lair of Beasts
 21710 | Lair:5   | Reached ****** piety under Lugonu
 21787 | Lair:6   | Reached XP level 14. HP: 103/111 MP: 26/26
 21994 | Lair:6   | Reached skill level 10 in Polearms
 21994 | Lair:6   | Reached skill level 10 in Armour
 22200 | Lair:6   | Found a runed gate.
 22200 | Lair:6   | Found a runed gate.
 22200 | Lair:6   | Found a runed gate.
 22202 | Lair:6   | Noticed SeriousVitamin's ghost (journeyman SpAs)
 22202 | Lair:6   | Noticed biddum's ghost (journeyman HaHu)
 22255 | Lair:6   | Noticed Nessos
 22258 | Lair:6   | Noticed Nessos
 22258 | Lair:6   | Nessos changed into Nessos the torpor snail
 22267 | Lair:6   | Killed Nessos the torpor snail
 22403 | Lair:6   | Found a sacrificial altar of Ru.
 22525 | Lair:6   | Found a viscous altar of Jiyva.
 22527 | Lair:6   | Found a staircase to the Slime Pits.
 23348 | Lair:6   | Noticed a dire elephant
 23395 | Lair:6   | Killed a dire elephant
 23410 | Lair:6   | Got a coiled wooden ring
 23495 | Lair:6   | Identified the ring "Ataoz" {Slay+6 Stlth-} (You found it on level 6 of the Lair of Beasts)
 23792 | Orc:1    | Entered Level 1 of the Orcish Mines
 23792 | Orc:1    | Noticed an orc warlord
 23921 | D:10     | Killed an orc warlord
 24247 | Orc:1    | Found a roughly hewn altar of Beogh.
 24340 | Orc:2    | Entered Level 2 of the Orcish Mines
 24600 | Orc:2    | Noticed an orc warlord
 24613 | Orc:2    | Killed an orc warlord
 25005 | Orc:2    | Found a staircase to the Elven Halls.
 25069 | Orc:2    | Reached XP level 15. HP: 105/119 MP: 23/28
 25099 | Orc:2    | Got a dazzling ring mail
 25110 | Orc:2    | Identified the +2 ring mail "Pitheig" {Int+2 Stlth+} (You found it on level 2 of the Orcish Mines)
 25293 | Orc:2    | Noticed an orc warlord
 25444 | Orc:2    | Killed an orc warlord
 25444 | Orc:2    | Reached skill level 10 in Dodging
 25515 | Orc:2    | Found a roughly hewn altar of Beogh.
 25856 | Orc:2    | Found Lafezara's Magic Scroll Shoppe.
 25882 | Orc:2    | Noticed Rupert
 25903 | Orc:2    | Banished Rupert
 25955 | Orc:2    | Found Noxof's Food Boutique.
 26349 | Orc:2    | Found a roughly hewn altar of Beogh.
 26583 | Orc:2    | Found Yfromaos's Gadget Emporium.
 26607 | Orc:2    | Found Zipuset's Gadget Shoppe.
 27001 | Orc:2    | Bought a scroll of enchant weapon for 97 gold pieces
 27499 | D:12     | Reached skill level 10 in Short Blades
 27499 | D:12     | Reached skill level 10 in Long Blades
 27499 | D:12     | Reached skill level 10 in Axes
 27499 | D:12     | Reached skill level 10 in Maces & Flails
 27499 | D:12     | Reached skill level 10 in Staves
 27499 | D:12     | Reached skill level 10 in Slings
 27499 | D:12     | Reached skill level 10 in Bows
 27499 | D:12     | Reached skill level 10 in Crossbows
 27499 | D:12     | Reached skill level 10 in Throwing
 27499 | D:12     | Reached skill level 10 in Stealth
 27499 | D:12     | Reached skill level 10 in Shields
 27499 | D:12     | Reached skill level 10 in Unarmed Combat
 27499 | D:12     | Reached skill level 10 in Spellcasting
 27499 | D:12     | Reached skill level 10 in Evocations
 28529 | D:13     | Found Pelaba's Food Emporium.
 28763 | D:13     | Noticed Azrael
 28906 | D:13     | Killed Azrael
 29572 | D:14     | Reached XP level 16. HP: 114/127 MP: 19/30
 29757 | D:14     | Learned a level 5 spell: Borgnjor's Vile Clutch
 29887 | D:14     | Found a gate to the Vaults.
 30218 | D:15     | Entered Level 15 of the Dungeon
 30438 | D:15     | Paralysed by a wizard for 5 turns
 31224 | D:15     | Found a staircase to the Depths.
 31595 | D:10     | Killed Nib's ghost
 31600 | D:10     | Got a smoking great mace {crush}
 31600 | D:10     | Got a pitted great mace {drain}
 31867 | Lair:6   | Killed SeriousVitamin's ghost
 31882 | Lair:6   | Killed biddum's ghost
 31916 | Lair:6   | Found the +8 orange crystal plate armour {Archmagi, Int+3 Clar}
 32003 | Spider:1 | Entered Level 1 of the Spider Nest
 32015 | Lair:4   | Identified the +1 great mace of Keang {drain, -Tele rF+ rC++ SInv} (You took it off a two-headed ogre on level 10 of the Dungeon)
 32016 | Lair:4   | Identified the +11 great mace "Awaor" {crush, rF- rN+ Str+2} (You took it off a two-headed ogre on level 10 of the Dungeon)
 32993 | Spider:2 | Got a transparent crystal plate armour
 33004 | Spider:2 | Identified the +3 crystal plate armour of the Spider Nest {rC+ Int-4 Dex+2} (You acquired it on level 2 of the Spider Nest)
 34012 | Spider:3 | Reached XP level 17. HP: 125/135 MP: 29/32
 35591 | Spider:4 | Entered Level 4 of the Spider Nest
 37688 | Spider:4 | Got a gossamer rune of Zot
 37859 | Swamp:1  | Entered Level 1 of the Swamp
 38217 | Swamp:1  | Reached skill level 10 in Conjurations
 38217 | Swamp:1  | Reached skill level 10 in Hexes
 38217 | Swamp:1  | Reached skill level 10 in Charms
 38217 | Swamp:1  | Reached skill level 10 in Summonings
 38217 | Swamp:1  | Reached skill level 10 in Necromancy
 38217 | Swamp:1  | Reached skill level 10 in Translocations
 38217 | Swamp:1  | Reached skill level 10 in Transmutations
 38217 | Swamp:1  | Reached skill level 10 in Fire Magic
 38217 | Swamp:1  | Reached skill level 10 in Ice Magic
 38217 | Swamp:1  | Reached skill level 10 in Air Magic
 38217 | Swamp:1  | Reached skill level 10 in Earth Magic
 38217 | Swamp:1  | Reached skill level 10 in Poison Magic
 38660 | Vaults:1 | Entered Level 1 of the Vaults
 38967 | Vaults:1 | Reached XP level 18. HP: 129/143 MP: 28/33
 39020 | Vaults:1 | Paralysed by an orc sorcerer for 5 turns
 39145 | Vaults:1 | Found Hitarux's Jewellery Shoppe.
 39961 | Vaults:1 | Noticed a titan
 40523 | Vaults:1 | Found the +6 Majin-Bo {vamp, Archmagi MP+6 Int+6}
 40846 | Vaults:1 | Bought an uncursed ring of protection from magic for 500 gold pieces
 41134 | Elf:1    | Entered Level 1 of the Elven Halls
 41373 | Elf:1    | Found a portal to a secret trove of treasure.
 41463 | Elf:1    | Noticed a Tzitzimitl
 41956 | Elf:1    | Noticed a Tzitzimitl
 42441 | Elf:2    | Reached XP level 19. HP: 151/151 MP: 29/35
 42452 | Elf:2    | Found a large runed door.
 42452 | Elf:2    | Found a large runed door.
 42477 | Elf:2    | Found a large runed door.
 42477 | Elf:2    | Found a large runed door.
 44331 | Vaults:2 | Found Hyicsid's Magic Scroll Boutique.
 44750 | Vaults:2 | Bought 2 scrolls of enchant armour for 180 gold pieces
 45286 | Vaults:2 | Noticed Nikola
 45301 | Vaults:2 | Killed Nikola
 45395 | Vaults:2 | Learned a level 5 spell: Metabolic Englaciation
 45549 | Vaults:2 | Got a shimmering ring mail
 45560 | Vaults:2 | Identified the +2 ring mail of Mubbit {Int+7} (You found it on level 2 of the Vaults)
 45737 | Vaults:2 | Noticed Frederick
 45743 | Vaults:2 | Noticed Asterion
 45745 | Vaults:2 | Learned a level 5 spell: Silence
 45768 | Vaults:2 | Killed Asterion
 45790 | Vaults:2 | Killed Frederick
 46436 | Vaults:3 | Reached XP level 20. HP: 129/159 MP: 36/36
 46487 | Vaults:3 | Found a staircase to the Crypt.
 46600 | Vaults:3 | Found a stormy altar of Qazlal.
 46788 | Vaults:3 | Noticed Saint Roka
 46800 | Vaults:3 | Killed Saint Roka
 47043 | Vaults:3 | Noticed Mara
 47073 | Vaults:3 | Killed Mara
 48195 | Vaults:3 | Reached skill level 15 in Invocations
 49026 | Vaults:4 | Reached XP level 21. HP: 166/166 MP: 38/38
 49121 | Vaults:4 | Noticed Margery
 49146 | Vaults:4 | Killed Margery
 49354 | Vaults:4 | Paralysed by a great orb of eyes for 2 turns
 50850 | Vaults:1 | Got a smoking hand axe
 51386 | Elf:3    | Entered Level 3 of the Elven Halls
 51469 | Elf:3    | Found Roukhly's Antique Weapon Shoppe.
 51475 | Elf:3    | Noticed Louise
 51489 | Elf:3    | Killed Louise
 51507 | Elf:3    | Reached skill level 15 in Fighting
 52852 | Elf:3    | Killed from afar by a deep elf annihilator

Skill      XL: |  1  2  3  4  5  6  7  8  9 10 11 12 13 14 15 16 17 18 19 20 21 |
---------------+----------------------------------------------------------------+-----
Short Blades   | 1 2 3 4 5 6 7 8 9 10 11 12 13 14 | 14.0
Long Blades    | 1 2 3 4 5 6 7 8 9 10 11 12 13 14 | 14.0
Axes           | 1 2 3 4 5 6 7 8 9 10 11 12 13 14 | 14.0
Maces & Flails | 1 2 3 4 5 6 7 8 9 10 11 12 13 14 | 14.0
Staves         | 1 2 3 4 5 6 7 8 9 10 11 12 13 14 | 14.0
Slings         | 1 2 3 4 5 6 7 8 9 10 11 12 13 14 | 14.0
Bows           | 1 2 3 4 5 6 7 8 9 10 11 12 13 14 | 14.0
Crossbows      | 1 2 3 4 5 6 7 8 9 10 11 12 13 14 | 14.0
Throwing       | 1 2 3 4 5 6 7 8 9 10 11 12 13 14 | 14.0
Stealth        | 1 2 3 4 5 6 7 8 9 10 11 12 13 14 | 14.0
Shields        | 1 2 3 4 5 6 7 8 9 10 11 12 13 14 | 14.0
Unarmed Combat | 1 2 3 4 5 6 7 8 9 10 11 12 13 14 | 14.0
Spellcasting   | 1 2 3 4 5 6 7 8 9 10 11 12 13 14 | 14.0
Evocations     | 1 2 3 4 5 6 7 8 9 10 11 12 13 14 | 14.0
Conjurations   | 1 2 3 4 5 6 7 8 9 10 11 12 | 12.1
Hexes          | 1 2 3 4 5 6 7 8 9 10 11 12 | 12.1
Charms         | 1 2 3 4 5 6 7 8 9 10 11 12 | 12.1
Summonings     | 1 2 3 4 5 6 7 8 9 10 11 12 | 12.1
Necromancy     | 1 2 3 4 5 6 7 8 9 10 11 12 | 12.1
Translocations | 1 2 3 4 5 6 7 8 9 10 11 12 | 12.1
Transmutations | 1 2 3 4 5 6 7 8 9 10 11 12 | 12.1
Fire Magic     | 1 2 3 4 5 6 7 8 9 10 11 12 | 12.1
Ice Magic      | 1 2 3 4 5 6 7 8 9 10 11 12 | 12.1
Air Magic      | 1 2 3 4 5 6 7 8 9 10 11 12 | 12.1
Earth Magic    | 1 2 3 4 5 6 7 8 9 10 11 12 | 12.1
Poison Magic   | 1 2 3 4 5 6 7 8 9 10 11 12 | 12.1
Dodging        | 3 4 5 6 7 8 9 10 11 12 13 14 | 14.2
Invocations    | 5 6 7 8 9 10 11 12 13 14 15 | 15.6
Polearms       | 5 6 7 8 9 10 11 12 13 14 | 14.6
Armour         | 5 6 7 8 9 10 11 12 13 14 | 14.6
Fighting       | 7 8 9 10 11 12 13 14 15 | 15.2

Action                   |  1- 3 |  4- 6 |  7- 9 | 10-12 | 13-15 | 16-18 | 19-21 || total
-------------------------+-------+-------+-------+-------+-------+-------+-------++-------
Melee: Spear             |   124 |   240 |   407 |       |       |       |       ||   771
       Bite              |     9 |    22 |    71 |   102 |   190 |   233 |   204 ||   831
       Punch             |       |     1 |     7 |       |       |       |       ||     8
       Lajatang          |       |       |   196 |   890 |  1443 |  1526 |  1161 ||  5216
 Cast: Confuse           |       |       |       |    36 |    17 |    43 |    28 ||   124
       Vampiric Draining |       |       |       |     9 |    14 |     1 |     9 ||    33
       Regeneration      |       |       |       |     4 |    66 |   110 |    56 ||   236
       Spectral Weapon   |       |       |       |       |    21 |    14 |    17 ||    52
       Blink             |       |       |       |       |     6 |     7 |     2 ||    15
       Borgnjor's Vile C |       |       |       |       |       |    80 |    68 ||   148
       Metabolic Englaci |       |       |       |       |       |       |    15 ||    15
       Silence           |       |       |       |       |       |       |    13 ||    13
Invok: Depart the Abyss  |     1 |       |       |       |       |       |       ||     1
       Banish            |       |       |       |     3 |    12 |     1 |       ||    16
Evoke: Wand              |       |     4 |    22 |    18 |    18 |     3 |       ||    65
       Sack of spiders   |       |       |       |       |     1 |       |       ||     1
       Lamp of fire      |       |       |       |       |       |     2 |     2 ||     4
       Phantom mirror    |       |       |       |       |       |       |     1 ||     1
  Use: Scroll            |       |     4 |     7 |    10 |    10 |    23 |     7 ||    61
       Potion            |       |       |       |     3 |     2 |     4 |     5 ||    14
 Stab: Sleeping          |     1 |     1 |     5 |    18 |    24 |    14 |     9 ||    72
       Confused          |       |       |       |     5 |     8 |    14 |    17 ||    44
       Distracted        |       |       |       |       |     7 |     3 |     9 ||    19
       Invisible         |       |       |       |       |     3 |       |       ||     3
       Petrified         |       |       |       |       |     8 |       |       ||     8
       Petrifying        |       |       |       |       |     1 |       |       ||     1
  Eat: Chunk             |     3 |    24 |    12 |    24 |    35 |    42 |    39 ||   179
       Ration            |       |       |       |     3 |     3 |     8 |     3 ||    17
Armor: Leather armour    |    11 |       |       |       |       |       |       ||    11
       Ring mail         |    11 |    79 |   210 |   295 |   497 |   115 |       ||  1207
       Skin              |       |       |       |    15 |       |       |       ||    15
       Acid dragon scale |       |       |       |       |       |   726 |   407 ||  1133
Dodge: Dodged            |    45 |   102 |   331 |   764 |  1344 |  1679 |   999 ||  5264
       Deflected         |       |       |       |       |     5 |       |       ||     5
